AoeStats
← [TodEs] The Andi

Nomad

508782828Analyzed
2v2 RM · 10d ago on Sep 24, 2026· 39m 55s· 4 players
Game mode
Random Map
Map size
176×176
Population
200
Speed
Normal
Resources
Standard
Victory
Conquest
Starting age
Dark Age
Ending age
Imperial Age
RankedLock teamsTeams togetherTeam positionsShared explorationLock speedFull tech treeHidden civsTurbo modeCheats
Victory
Defeat
🇦🇷 Ethiopians · Argentina
1359
+16
🇦🇷 Malay · Argentina
1333
+17
🇦🇷 Danes · Argentina
1377
-18
🇦🇷 Byzantines · Argentina
1327
-15
AASC | FreakinTinto
4:17 Loom
14:06 Feudal Age
18:10 Castle Age
17:56 Medium Warships
18:50 Gold Mining
18:51 Double-Bit Axe
20:59 Wheelbarrow
20:11 Horse Collar
20:23 Gold Mining
21:34 Stone Mining
23:17 Town Watch
24:09 Demolition Ship
24:22 Demolition Ship
25:29 Thalassocracy
26:29 Fletching
32:41 Imperial Age
33:13 Hand Cart
34:38 Conscription
35:32 Forging
36:18 Bow Saw
36:10 Heavy Plow
36:48 Gold Shaft Mining
36:38 Pikeman
37:20 Squires
37:56 Iron Casting
37:18 Halberdier
39:42 Blast Furnace
38:32 Arson
AASC | TITO_PUENTE
4:29 Loom
13:52 Feudal Age
17:58 Castle Age
15:49 Double-Bit Axe
19:40 Medium Warships
20:05 Town Watch
20:56 Wheelbarrow
20:19 Fletching
21:59 Town Patrol
23:59 Crossbowman
31:18 Gold Mining
34:51 Imperial Age
33:29 Ballistics
33:27 Bow Saw
33:19 Horse Collar
34:33 Thumb Ring
35:01 Padded Archer Armor
34:58 Bodkin Arrow
37:18 Two-Man Saw
35:59 Arbalester
38:20 Hand Cart
39:43 Chemistry
[TodEs] The Andi
3:11 Loom
14:40 Feudal Age
15:36 Horse Collar
16:14 Double-Bit Axe
21:36 Castle Age
20:29 Gold Mining
22:56 Bow Saw
22:59 Heavy Plow
24:18 Stone Mining
27:49 Forging
31:06 Scale Barding Armor
32:28 Husbandry
36:13 Imperial Age
34:20 Wheelbarrow
36:23 Iron Casting
37:08 Chain Barding Armor
36:21 Cavalier
37:39 Hand Cart
38:57 Plate Barding Armor
Adrianus
5:14 Loom
13:27 Feudal Age
14:04 Double-Bit Axe
15:29 Fishing Lines
20:21 Castle Age
19:45 Fletching
19:49 Gold Mining
19:51 Stone Mining
21:43 Bodkin Arrow
29:02 Ballistics
31:05 Careening
31:09 Clinker Construction
33:23 Careening
35:40 Wheelbarrow
35:40 Town Watch
36:38 Gold Shaft Mining
36:13 Town Watch
40:53 Imperial Age
38:56 Hamask
Connection lost

Rejoining the realm…

Still unreachable

The connection could not be restored.

Session expired

The server has moved on; the page needs a fresh start.